 Dungeon Crawl Stone Soup version 0.28.0-47-ge53b351184 (webtiles) character file.

Game seed: 2338736372951067845

132000 CryoSword the Grappler (level 16, -5/124 HPs)
             Began as a Demonspawn Fire Elementalist on Apr 28, 2022.
             Was a High Priest of Fedhas.
             Slain by a tentacle (11 damage)
             ... attached to a kraken
             ... on level 3 of the Shoals on Apr 29, 2022.
             The game lasted 01:42:26 (40179 turns).

CryoSword the Grappler (DsFE)                      Turns: 40179, Time: 01:42:26

Health: -5/124     AC: 16    Str: 13    XL:     16   Next: 56%
Magic:  0/24       EV: 11    Int: 23    God:    Fedhas [*****.]
Gold:   60         SH:  0    Dex: 22    Spells: 14/25 levels left

rFire   + + .      SeeInvis .     - Unarmed
rCold   + . .      Faith    .   W - +0 tower shield
rNeg    . . .      Spirit   +   t - +0 ring mail of Youthful Indiscretion {Drain rElec Regen+ Int+2}
rPois   .          Reflect  .   J - +1 hat "Cuegyj" {rF+ rC+ Str-3 Dex+2}
rElec   +          Harm     .   c - +2 cloak
rCorr   .          Rampage  .   (gloves unavailable)
Will    +....                   T - +3 pair of boots of Temperance {Int+3 Dex+7}
Stlth   ..........              k - amulet of regeneration
HPRegen 1.90/turn               V - ring of willpower
MPRegen 0.38/turn               m - ring "Iges" {rF+ Will+}

@: confused, about to teleport, weak-willed, ambrosia-drunk, mesmerised, hasted,
invisible, quick
A: claws 3, powered by death 1, magic shield, magic regeneration, sharp scales
2, corrupting presence 1
a: Renounce Religion, Wall of Briars, Grow Ballistomycete, Overgrow, Grow Oklob


You were on level 3 of the Shoals.
You worshipped Fedhas.
Fedhas was extremely pleased with you.
You visited 6 branches of the dungeon, and saw 28 of its levels.

You collected 2894 gold pieces.
You spent 2834 gold pieces at shops.

Inventory:

Missiles
 g - 26 curare-tipped darts
 l - 11 poisoned darts
 N - 7 boomerangs
 P - 2 throwing nets
Armour
 c - a +2 cloak (worn)
   (You took it off Nikola on level 1 of the Shoals)
 t - the +0 ring mail of Youthful Indiscretion (worn) {Drain rElec Regen+ Int+2}
   (You found it on level 13 of the Dungeon)

   Int:       It affects your intelligence (+2).
   rElec:     It insulates you from electricity.
   Regen:     It increases your rate of health regeneration.
   Drain:     It drains your maximum health when unequipped.
 J - the +1 hat "Cuegyj" (worn) {rF+ rC+ Str-3 Dex+2}
   (You found it on level 1 of the Lair of Beasts)

   Str:       It affects your strength (-3).
   Dex:       It affects your dexterity (+2).
   rF:        It protects you from fire.
   rC:        It protects you from cold.
 T - the +3 pair of boots of Temperance (worn) {Int+3 Dex+7}
   (You bought it in a shop on level 2 of the Orcish Mines)

   Int:       It affects your intelligence (+3).
   Dex:       It affects your dexterity (+7).
 W - a +0 tower shield (worn)
   (You took it off Louise on level 1 of the Shoals)
Magical Staves
 a - a staff of conjuration
   (You found it on level 3 of the Dungeon)
 w - a staff of fire
   (You took it off an orc wizard on level 8 of the Dungeon)
Jewellery
 d - a ring of resist corrosion
   (You found it on level 1 of the Dungeon)
 j - a ring of magical power
   (You found it on level 9 of the Dungeon)
 k - an amulet of regeneration (around neck)
   (You bought it in a shop on level 10 of the Dungeon)
 m - the ring "Iges" (right claw) {rF+ Will+}
   (You bought it in a shop on level 9 of the Dungeon)

   [ring of protection from fire]

   rF:        It protects you from fire.
   Will:      It increases your willpower.
 o - a ring of fire
   (You found it on level 6 of the Lair of Beasts)
 r - a ring of poison resistance
   (You found it on level 3 of the Dungeon)
 s - a ring of flight
   (You found it on level 3 of the Dungeon)
 B - the ring "Edoa" {rF+ Dex+6 Stlth-}
   (You took it off an orc on level 5 of the Dungeon)

   [ring of protection from fire]

   Dex:       It affects your dexterity (+6).
   rF:        It protects you from fire.
   Stlth:     It makes you less stealthy.
 F - a ring of ice
   (You found it on level 6 of the Dungeon)
 H - a ring of see invisible
   (You found it on level 1 of the Lair of Beasts)
 I - a ring of protection from cold
   (You found it on level 6 of the Lair of Beasts)
 V - a ring of willpower (left claw)
   (You bought it in a shop on level 9 of the Dungeon)
Wands
 n - a wand of flame (37)
   (You found it on level 7 of the Dungeon)
 q - a wand of paralysis (3)
   (You found it on level 8 of the Dungeon)
 u - a wand of iceblast (12)
   (You found it on level 1 of the Shoals)
 y - a wand of mindburst (4)
   (You found it on level 15 of the Dungeon)
 M - a wand of digging (18)
   (You found it on level 2 of the Lair of Beasts)
 O - a wand of acid (3) (quivered)
   (You found it on level 3 of the Lair of Beasts)
Scrolls
 b - 2 scrolls of blinking
 e - a scroll of brand weapon {unknown}
 x - 3 scrolls of magic mapping
 A - 6 scrolls of teleportation {@r4}
 L - a scroll of acquirement {unknown}
 U - a scroll of identify {@r1}
Potions
 h - a potion of cancellation
 i - 6 potions of lignification {!q}
 p - a potion of haste {@q3}
 v - 2 potions of resistance
 z - 5 potions of mutation {!q}
 C - 6 potions of might
 D - 3 potions of curing {@q1}
 E - 7 potions of attraction {!q}
 G - a potion of invisibility
 K - 8 potions of brilliance
 R - 2 potions of ambrosia
Miscellaneous
 Q - a phantom mirror (inert)
   (You found it on level 3 of the Lair of Beasts)


   Skills:
 * Level 10.8 Fighting
 - Level 1.0 Staves
 - Level 6.0 Armour
 - Level 6.0 Dodging
 - Level 1.7 Stealth
 * Level 8.7 Shields
 * Level 14.4 Unarmed Combat
 - Level 5.0 Spellcasting
 + Level 11.1 Conjurations
 + Level 12.9 Fire Magic
 - Level 11.7 Invocations
 - Level 3.3 Evocations


You had 14 spell levels left.
You knew the following spells:

 Your Spells              Type           Power      Damage    Failure   Level
a - Foxfire               Conj/Fire      100%       2x1d9     1%          1
b - Scorch                Fire           100%       2d10      1%          2
c - Flame Wave            Conj/Fire      57%        2d11      10%         4
d - Sticky Flame          Conj/Fire      57%        2d7       10%         4

Your spell library contained the following spells:

 Spells                   Type           Power      Damage    Failure   Level
 Conjure Flame            Conj/Fire      57%        6-21      3%          3
 Inner Flame              Hex/Fire       35%        N/A       28%         3
 Stone Arrow              Conj/Erth      62%        3d10      38%         3
 Ignite Poison            Fire/Tmut/Pois 25%        N/A       56%         3
 Animate Skeleton         Necr           10%        N/A       80%         1
 Freeze                   Ice            20%        1d4       80%         1
 Pain                     Necr           20%        1d5       80%         1
 Sting                    Tmut/Pois      20%        1d4       80%         1
 Hailstorm                Conj/Ice       31%        3d8       80%         4
 Poisonous Vapours        Pois/Air       10%        N/A       90%         2
 Frozen Ramparts          Ice            10%        1d3       99%         3
 Gell's Gravitas          Tloc           5%         N/A       99%         3
 Lesser Beckoning         Tloc           5%         N/A       99%         3
 Spider Form              Tmut/Pois      5%         N/A       99%         3
 Teleport Other           Tloc           5%         N/A       99%         3
 Tukima's Dance           Hex            5%         N/A       99%         3
 Vampiric Draining        Necr           5%         2d6       99%         3
 Animate Armour           Summ/Erth      10%        N/A       100%        4
 Animate Dead             Necr           2%         N/A       100%        4
 Ice Form                 Ice/Tmut       5%         N/A       100%        4
 Olgreb's Toxic Radiance  Pois           5%         N/A       100%        4
 Passage of Golubria      Tloc           5%         N/A       100%        4
 Summon Ice Beast         Ice/Summ       5%         N/A       100%        4
 Agony                    Necr           5%         N/A       100%        5
 Alistair's Intoxication  Tmut/Pois      3%         N/A       100%        5
 Borgnjor's Vile Clutch   Necr/Erth      2%         N/A       100%        5
 Excruciating Wounds      Necr           2%         N/A       100%        5
 Freezing Cloud           Conj/Ice/Air   11%        6-21      100%        5
 Yara's Violent Unravell  Hex/Tmut       2%         3d3       100%        5
 Death Channel            Necr           2%         N/A       100%        6
 Eringya's Noxious Bog    Tmut/Pois      2%         N/A       100%        6
 Simulacrum               Ice/Necr       2%         N/A       100%        6
 Lehudib's Crystal Spear  Conj/Erth      15%        10d5      100%        8
 Polar Vortex             Ice            2%         N/A       100%        9


Dungeon Overview and Level Annotations

Branches:
Dungeon (15/15)            Temple (1/1) D:7            Lair (6/6) D:8
 Shoals (3/4) Lair:2       Spider (1/4) Lair:2        Slime (0/5) Lair:5
    Orc (2/2) D:12            Elf (0/3) Orc:2        Vaults (0/5) D:14
 Depths (0/4) D:15

Altars:
Cheibriados
Dithmenos
Elyvilon
Fedhas
Gozag
Hepliaklqana
Kikubaaqudgha
Makhleb
Okawaru
Qazlal
Ru
Sif Muna
Trog
Uskayaw
Vehumet
Wu Jian
Xom
Yredelemnul
Zin
The Shining One
Beogh
Jiyva

Shops:
D:1 !   D:9 =   D:10 =   Orc:2 [![*   Shoals:1 *

Portals:
Trove: D:11 (show abyssal rune of Zot)

Annotations:
Lair:1 6 runed translucent doors
Lair:3 1 runed translucent door, Kubamp's ghost, journeyman DEAE
Lair:5 1 runed translucent door


Innate Abilities, Weirdness & Mutations

You have claws for hands.
You regenerate a little health from kills.
When hurt, damage is shared between your health and your magic reserves.
You regenerate magic rapidly.
You are mostly covered in razor-sharp scales. (AC +2, Slay +2)
Your presence sometimes corrodes those you injure.


Message History

The merfolk avatar chants its luring song.
The merfolk is engulfed in a cloud of scalding steam.
Your corrupting presence corrodes the merfolk!
The merfolk is engulfed in a cloud of scalding steam.
You kill the merfolk!
Fedhas appreciates your contribution to the ecosystem.
You hear a splash. x2
The merfolk hits you from afar with a +0 trident!
The faun shoots a stone.
The stone hits you!
The merfolk avatar chants its luring song.
The centaur warrior shoots an arrow.
The arrow hits you!!
Okay, then.
A briar patch grows up from the ground. x8; You block the merfolk's attack.
The centaur warrior unwields a +0 longbow.
The centaur warrior completely misses your briar patch.
The centaur warrior kicks your briar patch but does no damage.
The merfolk avatar chants its luring song.
An oklob plant grows from the ground.
The centaur warrior hits your briar patch!
The centaur warrior kicks your briar patch but does no damage.
The merfolk hits you but does no damage.
You fade into invisibility!
The centaur warrior wields a +0 longbow.
The centaur warrior shoots an arrow.
The arrow hits your briar patch!!
The merfolk avatar chants its luring song.
The merfolk hits you from afar with a +0 trident.
The faun shoots a stone.
The stone hits your briar patch!
The faun unwields a +0 club.
The faun wields a +0 hunting sling.
The faun shoots a stone.
The stone hits the faun!!
The centaur warrior shoots an arrow.
The arrow hits your briar patch.
Aim: a centaur warrior, wielding a +0 longbow and quivering arrows (lightly wounded, ally target)
You reflect the centaur warrior with the mirror!
The mirror clouds!
The merfolk avatar chants its luring song.
The merfolk closely misses you.
The faun points at you and mumbles some strange words.
Your briar patch is unaffected.
Your centaur warrior unwields a +0 longbow.
Your centaur warrior completely misses the centaur warrior.
Your centaur warrior kicks the centaur warrior but does no damage.
The centaur warrior shoots an arrow.
The arrow hits your briar patch!
Your briar patch is destroyed!
Your briar patch disappears in a puff of smoke!
The faun shoots a stone.
The stone hits the faun!
The faun dies!
You hear a splash. x3
You cannot move away from the merfolk avatar!
Unknown command.
You walk carefully through the plants.
The centaur warrior shoots an arrow.
The arrow hits your briar patch!
Your centaur warrior hits the centaur warrior.
Your centaur warrior misses the centaur warrior.
The merfolk avatar chants its luring song.
The centaur warrior shoots an arrow.
The arrow hits your briar patch!
Your briar patch is destroyed!
Your briar patch disappears in a puff of smoke!
Your centaur warrior hits the centaur warrior.
Your centaur warrior kicks the centaur warrior.
Your oklob plant spits acid at the centaur warrior.
The splash of acid hits the centaur warrior!!
The merfolk avatar chants its luring song.
The centaur warrior unwields a +0 longbow.
The centaur warrior hits your oklob plant!
The centaur warrior kicks your oklob plant but does no damage.
Your centaur warrior hits the centaur warrior.
Your centaur warrior completely misses the centaur warrior.
The faun shoots a stone.
The stone hits your briar patch!
Your briar patch is destroyed!
Your briar patch disappears in a puff of smoke!
You block the merfolk's attack.
Your centaur warrior hits the centaur warrior.
Your centaur warrior kicks the centaur warrior but does no damage.
The centaur warrior hits your oklob plant.
The centaur warrior kicks your oklob plant.
As you read the scroll of fear, it crumbles to dust.
You assume a fearsome visage.
The faun looks frightened!
The centaur warrior looks frightened!
The kraken resists with almost no effort.
The faun looks frightened! x2; The merfolk looks frightened!
The merfolk avatar resists with almost no effort.
The pull of its song draws you forwards.
The merfolk avatar chants its luring song.
Your centaur warrior hits the centaur warrior.
Your centaur warrior's attack snaps the centaur warrior out of its fear.
Your centaur warrior barely misses the centaur warrior.
Tentacles burst out of the water! 4 tentacles come into view.
Unknown command.
Unknown command.
Unknown command.
Your unstable footing causes you to fumble your attack.
Your centaur warrior shimmers and vanishes!
The merfolk is no longer covered in acid.
Your oklob plant spits acid at the centaur warrior.
The splash of acid hits the centaur warrior!!
The centaur warrior dies!
Fedhas appreciates your contribution to the ecosystem.
You hear a splash. x2
The merfolk avatar chants its luring song.
Flames lash the tentacle.
Your corrupting presence corrodes the tentacle!
The tentacle's fire resistance burns away.
The tentacle is engulfed in a cloud of scalding steam. x2
Your corrupting presence corrodes the kraken!
The merfolk avatar chants its luring song.
You feel yourself speed up. The tentacle misses you.
The tentacle barely misses you.
A tentacle rises from the water!
The tentacle slaps you!! The tentacle slaps you!
* * * LOW HITPOINT WARNING * * *
The merfolk avatar chants its luring song.
A tentacle comes into view.
Okay, then.
Here: a kraken (water, lightly wounded, covered in acid) Some deep water.
Okay, then.
Here: a kraken (water, lightly wounded, covered in acid) Some deep water.
Okay, then.
You closely miss the merfolk avatar. You block the tentacle's attack.
The tentacle slaps you!!
* * * LOW HITPOINT WARNING * * *
The tentacle slaps you.
* * * LOW HITPOINT WARNING * * *
Okay, then.
Here: a merfolk avatar (water, mesmerising, ally target) Some deep water.
Unknown command.
Okay, then.
As you read the scroll of teleportation {@r4}, it crumbles to dust.
You feel strangely unstable.
The kraken is engulfed in a cloud of scalding steam.
The tentacle slaps you!
* * * LOW HITPOINT WARNING * * *
The tentacle slaps you but does no damage.
You block the tentacle's attack. The tentacle slaps you!
* * * LOW HITPOINT WARNING * * *
The merfolk avatar chants its luring song.
Unknown command.
You are confused.
You feel invigorated. The tentacle slaps you.
* * * LOW HITPOINT WARNING * * *
The tentacle slaps you but does no damage. x2
You scratch the tentacle.
The tentacle is no longer more vulnerable to fire.
The tentacle slaps you but does no damage.
The tentacle slaps you!!
* * * LOW HITPOINT WARNING * * *
The tentacle slaps you!
You die...
Fedhas appreciates your contribution to the ecosystem.

≈≈≈≈≈≈≈≈≈≈.....
≈≈≈≈≈≈≈≈≈..≈≈...
≈≈≈≈≈≈≈≈≈≈≈≈≈≈..
≈≈≈≈≈≈≈≈≈≈≈≈≈≈≈ ≈≈
≈≈≈≈§≈≈≈≈≈......≈≈
≈≈≈≈≈≈≈≈≈≈..# ..≈≈≈≈
≈≈≈≈≈≈Xww≈≈###.≈≈≈≈≈
≈≈≈≈≈≈m@≈≈≈≈...≈≈≈≈≈≈
≈≈≈≈≈ww≈P≈PP.##≈≈≈≈≈.
≈≈≈≈≈≈≈≈P≈≈..#.≈≈≈≈≈.
≈≈≈≈≈≈≈≈PP≈≈÷))≈≈≈≈≈≈
≈≈≈≈≈≈≈≈≈≈≈))≈≈≈≈≈≈≈.
≈≈≈≈≈≈≈≈≈≈≈≈<≈Y≈≈≈≈..
≈≈≈≈≈≈≈≈≈≈≈≈≈≈≈≈≈≈≈..
≈≈≈≈≈≈≈≈≈≈≈≈≈≈≈≈.≈≈≈.
≈≈≈≈≈≈≈≈≈≈≈≈≈≈≈≈≈≈..


You could see a kraken (corroded), a merfolk avatar (mesmerising, ally target),
a catoblepas, 4 tentacles and a friendly oklob plant (summoned).

Vanquished Creatures
  Ilsuiw (Shoals:2)
  A fire giant (D:10)
  An orc warlord (Orc:2)
  Louise (Shoals:1)
  A ghost moth (Spider:1)
  Snorg (D:12)
  A merfolk javelineer (Shoals:1)
  An ettin (D:12)
  A fire dragon (D:14)
  2 merfolk impalers
  2 boulder beetles
  A rakshasa (D:14)
  2 vault guards (D:14)
  An ice dragon (Lair:6)
  10 hydras
  A jorogumo (Spider:1)
  3 centaur warriors
  3 merfolk avatars
  A satyr (Shoals:2)
  A catoblepas (Lair:5)
  A deep troll earth mage (D:10)
  3 two-headed ogres
  4 death yaks (Shoals:2)
  2 merfolk aquamancers
  Urug (Lair:3)
  2 tengu warriors
  A vampire mage (D:14)
  Sonja (Lair:1)
  2 skeletal warriors (D:15)
  A pharaoh ant (Spider:1)
  9 sea snakes
  2 flayed ghosts
  A deep elf zephyrmancer (D:13)
  An orb spider (Spider:1)
  2 deep elf pyromancers
  A necromancer (D:15)
  3 lindwurms
  2 orc knights (Orc:2)
  5 wolf spiders
  4 cyclopes
  9 ugly things
  10 fauns
  11 manticores
  6 elephants (Lair:3)
  5 merfolk sirens
  2 frost giant skeletons (D:15)
  A guardian serpent (Lair:6)
  5 water nymphs
  13 black mambas
  6 torpor snails
  5 gargoyles
  A fire giant skeleton (D:15)
  2 unseen horrors (D:11)
  A freezing wraith (D:14)
  12 cane toads
  4 rime drakes
  5 komodo dragons
  2 demonic crawlers (Spider:1)
  2 tengu conjurers (D:13)
  6 meliai
  The ghost of Ablot the Cutter, an amateur GnCK of Xom (D:3)
  The ghost of Ablot the Cutter, an amateur GnCK of Xom (D:4)
  3 wind drakes (Shoals:1)
  10 hornets (Lair:6)
  5 trolls
  13 blink frogs
  10 merfolk
  2 polar bears
  2 tarantellas (Spider:1)
  4 snapping turtles
  3 tyrant leeches (Lair:6)
  16 slime creatures
  A spriggan zombie (D:15)
  18 dream sheep
  2 culicivoras (Spider:1)
  A jumping spider (Lair:1)
  A human (shapeshifter) (D:13)
  7 wraiths
  55 yaks
  11 wyverns
  3 basilisks
  6 water elementals
  9 vampire mosquitoes
  10 humans (D:14)
  9 redbacks
  2 steam dragons
  3 wargs
  26 water moccasins
  33 orc warriors
  2 sky beasts
  A necrophage (D:5)
  2 black bears
  7 ogres
  3 wolves (Lair:5)
  10 centaurs
  A phantom (D:7)
  4 kobold brigands
  2 gnoll sergeants
  5 scorpions
  8 bullfrogs
  A water moccasin zombie (D:6)
  A water moccasin skeleton (D:3)
  4 killer bees (D:8)
  The ghost of Descartes the Grasshopper, a weakling FoWr (D:3)
  3 wights (D:8)
  3 vampire bats (D:8)
  4 howler monkeys
  5 electric eels
  A crimson imp (D:7)
  7 centaur zombies
  A bullfrog zombie (D:7)
  3 hounds
  3 jellies
  6 orc priests
  5 iguanas
  14 orc wizards
  5 hell rats (Lair:3)
  2 killer bee zombies
  2 hound skeletons (D:4)
  2 howler monkey zombies
  8 gnolls
  9 adders
  A howler monkey skeleton (D:4)
  2 white imps
  4 ufetubi
  2 adder zombies (D:4)
  An adder skeleton (D:4)
  A worm (D:2)
  3 dart slugs
  68 orcs
  4 bat skeletons (D:8)
  3 bat zombies (D:8)
  8 endoplasms
  5 giant cockroaches
  7 goblins
  11 hobgoblins
  5 quokkas
  7 ball pythons
  6 bats
  4 frilled lizards
  19 kobolds
  A quokka skeleton (D:4)
  9 rats
  A ballistomycete spore (Orc:2)
766 creatures vanquished.

Vanquished Creatures (collateral kills)
  Nikola (Shoals:1)
  Jorgrun (D:14)
  A centaur warrior (Shoals:3)
  An orc sorcerer (Orc:2)
  A water nymph (Shoals:3)
  2 water elementals (Shoals:3)
  5 orc warriors (Orc:2)
  2 centaurs (Orc:2)
  An orc (Orc:2)
  38 ballistomycete spores
53 creatures vanquished.

Vanquished Creatures (others)
  A faun (Shoals:3)
  A cane toad (Lair:6)
  5 ballistomycete spores
  4 bushes
  767 foxfires
  83 fungi
  176 plants
  A tentacle (Shoals:3)
  8 withered plants
1046 creatures vanquished.

Grand Total: 1865 creatures vanquished

Notes
Turn   | Place    | Note
-------+----------+-------------------------------------------
     0 | D:1      | CryoSword the Demonspawn Fire Elementalist began the quest
                  | for the Orb.
     0 | D:1      | Reached XP level 1. HP: 13/13 MP: 3/3
   439 | D:1      | Gained mutation: You regenerate a little health from kills.
                  | [demonic ancestry]
   439 | D:1      | Reached XP level 2. HP: 9/19 MP: 3/5
   722 | D:1      | Learned a level 2 spell: Scorch
  1262 | D:1      | Found a faded altar of an unknown god.
  1320 | D:1      | Found Wopuyc's Distillery.
  1515 | D:1      | Reached XP level 3. HP: 24/24 MP: 0/6
  1668 | D:1      | Bought a potion of lignification for 33 gold pieces
  3150 | D:2      | Reached XP level 4. HP: 31/31 MP: 4/7
  3264 | D:2      | Reached skill level 1 in Fighting
  4127 | D:3      | Gained mutation: You regenerate magic rapidly. [demonic
                  | ancestry]
  4127 | D:3      | Reached XP level 5. HP: 21/37 MP: 3/8
  4304 | D:3      | Found a stormy altar of Qazlal.
  4479 | D:3      | Gained mutation: You have sharp fingernails. [demonic
                  | ancestry]
  4479 | D:3      | Reached XP level 6. HP: 31/44 MP: 1/10
  4618 | D:3      | Found an opulent altar of Gozag.
  4676 | D:3      | Found an ornate altar of the Wu Jian Council.
  4677 | D:3      | Found a hazy altar of Hepliaklqana.
  4678 | D:3      | Found a snail-covered altar of Cheibriados.
  4722 | D:3      | Found a runed translucent gate.
  4723 | D:3      | Found a runed translucent gate.
  4723 | D:3      | Found a runed translucent gate.
  4724 | D:3      | Noticed Descartes's ghost (weakling FoWr)
  4726 | D:3      | Noticed Ablot's ghost (amateur GnCK)
  5101 | D:3      | Reached skill level 5 in Fire Magic
  5466 | D:4      | Reached skill level 1 in Staves
  5466 | D:4      | Reached skill level 1 in Evocations
  5466 | D:4      | Gained mutation: You have very sharp fingernails. [demonic
                  | ancestry]
  5466 | D:4      | Reached XP level 7. HP: 50/51 MP: 3/11
  5611 | D:4      | Found a shimmering altar of Xom.
  5711 | D:4      | Identified the -2 pair of gloves "Woigul" {Str+7 Int-3}
  5864 | D:4      | Reached skill level 1 in Unarmed Combat
  5938 | D:4      | Found a runed translucent gate.
  5938 | D:4      | Found a runed translucent gate.
  5938 | D:4      | Found a runed translucent gate.
  5938 | D:4      | Noticed Ablot's ghost (amateur GnCK)
  5940 | D:4      | Found a basalt altar of Yredelemnul.
  6197 | D:5      | Entered Level 5 of the Dungeon
  6542 | D:5      | Reached skill level 2 in Unarmed Combat
  6697 | D:5      | Identified the ring "Edoa" {rF+ Dex+6 Stlth-}
  7099 | D:5      | Gained mutation: When hurt, damage is shared between your
                  | health and your magic reserves. [demonic ancestry]
  7099 | D:5      | Reached XP level 8. HP: 43/58 MP: 2/12
  7321 | D:6      | Reached skill level 3 in Unarmed Combat
  7735 | D:6      | HP: 1/60 [electric eel/bolt of electricity (12)]
  8300 | D:6      | Reached skill level 4 in Unarmed Combat
  8868 | D:7      | Gained mutation: You have claws for hands. [demonic
                  | ancestry]
  8868 | D:7      | Reached XP level 9. HP: 63/65 MP: 5/13
  9104 | D:7      | Noticed a troll
  9108 | D:7      | Killed a troll
  9358 | D:7      | Reached skill level 5 in Conjurations
  9581 | D:7      | Reached skill level 5 in Unarmed Combat
  9650 | D:7      | Found a staircase to the Ecumenical Temple.
  9656 | Temple   | Entered the Ecumenical Temple
  9675 | Temple   | Became a worshipper of Fedhas Madash
  9816 | D:7      | Found a shimmering blue altar of Sif Muna.
  9836 | D:8      | Noticed a two-headed ogre
 10080 | D:7      | Killed a two-headed ogre
 10081 | D:7      | Reached skill level 6 in Unarmed Combat
 10459 | D:8      | Reached XP level 10. HP: 42/73 MP: 5/14
 10834 | D:7      | Reached skill level 7 in Unarmed Combat
 10948 | D:8      | Found a staircase to the Lair.
 10971 | D:8      | Reached skill level 5 in Shields
 11285 | D:8      | Reached * piety under Fedhas
 11524 | D:8      | Learned a level 4 spell: Flame Wave
 11529 | D:8      | Learned a level 4 spell: Sticky Flame
 11755 | D:8      | Found an ancient bone altar of Kikubaaqudgha.
 11900 | D:9      | Reached skill level 8 in Unarmed Combat
 11997 | D:9      | Got Eringya's Reference Book on Shifting Envenoming
 12193 | D:9      | Found Ojoariz's Jewellery Boutique.
 12959 | D:10     | Entered Level 10 of the Dungeon
 13049 | D:10     | Reached skill level 5 in Fighting
 13094 | D:9      | Reached skill level 9 in Unarmed Combat
 13454 | D:10     | Reached ** piety under Fedhas
 13455 | D:10     | Reached XP level 11. HP: 69/80 MP: 3/16
 13876 | D:10     | Found Queng's Jewellery Boutique.
 13885 | D:10     | Bought an amulet of regeneration for 360 gold pieces
 14211 | D:10     | Found a runed translucent door.
 14211 | D:10     | Noticed a deep elf pyromancer
 14216 | D:10     | Killed a deep elf pyromancer
 14217 | D:10     | Noticed a fire giant
 14551 | D:10     | Noticed a brown ugly thing
 14567 | D:10     | Killed a brown ugly thing
 14656 | D:10     | Killed a fire giant
 14698 | D:10     | Noticed a deep troll earth mage
 14700 | D:10     | Noticed a green ugly thing
 14831 | D:10     | Noticed a flayed ghost
 14848 | D:10     | Killed a flayed ghost
 15191 | D:1      | Bought a potion of might for 44 gold pieces
 15191 | D:1      | Bought a potion of mutation for 88 gold pieces
 15191 | D:1      | Bought a potion of heal wounds for 55 gold pieces
 15614 | D:11     | Reached skill level 1 in Invocations
 15706 | D:11     | Found a portal to a secret trove of treasure.
 15745 | D:11     | Reached skill level 10 in Unarmed Combat
 15859 | D:11     | Reached skill level 1 in Armour
 16311 | Lair:1   | Entered Level 1 of the Lair of Beasts
 16495 | Lair:1   | Reached *** piety under Fedhas
 16603 | Lair:1   | Noticed a seven-headed hydra
 16620 | Lair:1   | Killed a seven-headed hydra
 16621 | Lair:1   | Gained mutation: You are partially covered in razor-sharp
                  | scales. (AC +1, Slay +1) [demonic ancestry]
 16621 | Lair:1   | Reached XP level 12. HP: 20/89 MP: 2/19
 16732 | Lair:1   | Reached skill level 5 in Spellcasting
 16817 | Lair:1   | Noticed Sonja
 17085 | Lair:1   | Found a runed translucent door.
 17427 | Lair:1   | Identified the +1 hat "Cuegyj" {rF+ rC+ Str-3 Dex+2}
 17432 | Lair:1   | Found a runed translucent gate.
 17432 | Lair:1   | Found a runed translucent gate.
 17432 | Lair:1   | Found a runed translucent gate.
 17432 | Lair:1   | Found a runed translucent gate.
 17432 | Lair:1   | Found a runed translucent gate.
 17432 | Lair:1   | Noticed a boulder beetle
 17433 | Lair:1   | Found a runed translucent gate.
 17434 | Lair:1   | Noticed a boulder beetle
 17464 | Lair:1   | Killed Sonja
 18016 | Lair:2   | Found a hole to the Spider Nest.
 18121 | Lair:2   | Found a staircase to the Shoals.
 18390 | Lair:2   | Reached skill level 5 in Invocations
 19079 | Lair:3   | Reached **** piety under Fedhas
 19450 | Lair:3   | Reached skill level 11 in Unarmed Combat
 20054 | Lair:3   | Found a runed translucent door.
 20054 | Lair:3   | Found a shimmering altar of Xom.
 20054 | Lair:3   | Noticed Kubamp's ghost (journeyman DEAE)
 20339 | Lair:4   | Noticed Urug
 20359 | Lair:4   | Reached XP level 13. HP: 90/96 MP: 12/20
 20582 | Lair:3   | HP: 1/96 [Urug/+5 vampiric scimitar (19)]
 20702 | Lair:3   | Killed Urug
 21872 | Lair:4   | Reached skill level 10 in Fire Magic
 22391 | Lair:5   | Found a runed translucent door.
 23177 | Lair:5   | Reached ***** piety under Fedhas
 23489 | Lair:5   | Found a viscous altar of Jiyva.
 23489 | Lair:5   | Found a staircase to the Slime Pits.
 23675 | Lair:6   | Entered Level 6 of the Lair of Beasts
 23928 | Lair:5   | Reached skill level 12 in Unarmed Combat
 24089 | Lair:6   | HP: 4/98 [poisoned by a redback]
 24094 | Lair:6   | HP: 1/98 [poisoned by a redback]
 24237 | Lair:6   | Gained mutation: Your presence sometimes corrodes those you
                  | injure. [demonic ancestry]
 24237 | Lair:6   | Reached XP level 14. HP: 99/105 MP: 21/21
 24562 | Lair:6   | Reached skill level 5 in Armour
 25059 | Lair:6   | Found a runed translucent door.
 25316 | D:9      | Bought the ring "Iges" {rF+ Will+} for 639 gold pieces
 25484 | D:1      | Bought 2 potions of heal wounds for 110 gold pieces
 25484 | D:1      | Bought a potion of invisibility for 88 gold pieces
 26194 | Lair:6   | Paralysed by a hornet for 1 turns
 26367 | Lair:6   | Reached skill level 10 in Invocations
 26367 | Lair:6   | Paralysed by a hornet for 3 turns
 26948 | D:10     | Found Queng's Jewellery Boutique.
 27727 | D:3      | Killed Descartes's ghost
 27733 | D:3      | Killed Ablot's ghost
 27846 | D:4      | Killed Ablot's ghost
 28241 | D:12     | Found a staircase to the Orcish Mines.
 28257 | D:12     | Reached ****** piety under Fedhas
 29650 | D:13     | Identified the +0 ring mail of Youthful Indiscretion {Drain
                  | rElec Regen+ Int+2}
 30740 | D:14     | Found a gate to the Vaults.
 30895 | D:14     | Gained mutation: You are mostly covered in razor-sharp
                  | scales. (AC +2, Slay +2) [demonic ancestry]
 30895 | D:14     | Reached XP level 15. HP: 112/112 MP: 14/23
 30991 | D:14     | Reached skill level 13 in Unarmed Combat
 31027 | D:14     | Noticed Jorgrun
 31044 | D:14     | Killed Jorgrun
 31045 | D:14     | Reached skill level 10 in Conjurations
 31654 | D:15     | Entered Level 15 of the Dungeon
 32154 | D:15     | Found a staircase to the Depths.
 32602 | D:15     | Found a shimmering blue altar of Sif Muna.
 33381 | Orc:1    | Entered Level 1 of the Orcish Mines
 33389 | Orc:1    | Noticed Snorg
 33461 | D:12     | Killed Snorg
 33944 | Orc:2    | Entered Level 2 of the Orcish Mines
 34005 | Orc:2    | Found a staircase to the Elven Halls.
 34624 | Orc:2    | Noticed an orc warlord
 34649 | Orc:2    | Killed an orc warlord
 34884 | Orc:2    | Found Kiczi's Distillery.
 34884 | Orc:2    | Found Puriatu's Antique Armour Shop.
 34886 | Orc:2    | Found Urchonwa's Assorted Antiques.
 34888 | Orc:2    | Found Huif's Armour Shoppe.
 34892 | Orc:2    | Bought a potion of brilliance for 60 gold pieces
 34892 | Orc:2    | Bought a potion of heal wounds for 75 gold pieces
 34895 | Orc:2    | Bought a pair of scorched boots for 218 gold pieces
 34895 | Orc:2    | Identified the +3 pair of boots of Temperance {Int+3 Dex+7}
                  | (You bought it in a shop on level 2 of the Orcish Mines)
 34909 | Orc:2    | Bought 2 potions of resistance for 300 gold pieces
 34909 | Orc:2    | Bought a potion of curing for 45 gold pieces
 34912 | Orc:2    | Bought a potion of brilliance for 92 gold pieces
 34912 | Orc:2    | Bought a potion of brilliance for 92 gold pieces
 35460 | Spider:1 | Entered Level 1 of the Spider Nest
 35941 | Spider:1 | Noticed an emperor scorpion
 36090 | Spider:1 | Reached skill level 5 in Dodging
 36104 | Spider:1 | HP: 4/112 [emperor scorpion (14)]
 36251 | Shoals:1 | Entered Level 1 of the Shoals
 36619 | Shoals:1 | Noticed Louise
 36764 | D:9      | Bought a ring of willpower for 425 gold pieces
 37024 | Shoals:1 | Killed Louise
 37078 | Shoals:1 | Found Sapnoy Nenu's General Store.
 37119 | Shoals:1 | Bought a wand of iceblast (7) for 110 gold pieces
 37455 | Shoals:1 | Reached XP level 16. HP: 57/121 MP: 6/24
 37795 | Shoals:1 | Noticed Nikola
 37808 | Shoals:1 | Reached skill level 10 in Fighting
 37824 | Shoals:1 | Killed Nikola
 38095 | Shoals:2 | Reached skill level 14 in Unarmed Combat
 39370 | Shoals:3 | Noticed Ilsuiw
 39385 | Shoals:2 | Killed Ilsuiw
 40171 | Shoals:3 | Noticed a kraken
 40179 | Shoals:3 | HP: 6/124 [tentacle[a kraken] (17)]
 40179 | Shoals:3 | Slain by a tentacle

Illustrated notes

Levels and vault maps discovered:
D:1:      onia_arrival_handbag, layout_basic, serial_shops,
          nicolae_shop_crystal, hellmonk_ecumenical_altar_prayer_group,
          st_stairs_9
D:2:      layout_loops_ring, chequers_serial_rivers_micro_d
D:3:      cheibrodos_thug_alley, layout_basic, nicolae_qazlal_eye_of_the_storm,
          grunt_temple_overflow_open, grunt_gozag_breadcrumbs,
          gammafunk_ghost_cemetery, nicolae_elevator_lobby_asterisk
D:4:      layout_basic, nicolae_yredelemnul_ghost_church, xom_teletrap_fun,
          amcnicky_mini_rare_corridor_liquid, grunt_decor_cap, abandoned_shop
D:5:      layout_loops_ring
D:6:      layout_cave_pools, serial_column_ruins, column_ruins_open_tiny,
          column_ruins_columns_straight, column_ruins_open_tiny,
          minmay_misc_feat_rows, grunt_decor_clamped, st_stairs_5, minivault_14,
          skrybe_limestone_x, nicolae_benzene_ring
D:7:      layout_basic, mainiacjoe_overflow_alcove_2, minmay_temple_entry_fiery,
          hex_tiny, minmay_fire_ice_demons
D:8:      layout_loops_ring, kennysheep_vampire_church, minmay_lair_entry_grove,
          chequers_serial_rivers_micro_d
D:9:      layout_irregular_city, serial_shops, shop_fountains, disabler_island
D:10:     layout_stronghold, serial_shops, shop, serial_glass, glass_columns_c,
          glass_columns_a, minivault_13
D:11:     layout_roguey, enter_trove_1
D:12:     layout_small_grid, kennysheep_orc_monster_closet_entryway,
          nicolae_elevator_lobby_plus
D:13:     layout_layer_cave, minmay_librarian
D:14:     layout_basic, ximxim_vaults_locker_room,
          hangedman_abyss_or_decor_stabs, nzn_life_drinkers, uniq_jorgrun
D:15:     gammafunk_depths_entry_grave, layout_loops_corners,
          chequers_serial_rivers_room_b, led_sif_book
Temple:   cyrus_circular_temple
Lair:1:   gammafunk_indiana_jones, layout_regular_city,
          nicolae_lair_grove_arrangements, uniq_sonja
Lair:2:   layout_gridlike, elwin_shoals_entry_rooms, spider_nest_entry_webs,
          grunt_megastairs_3
Lair:3:   layout_layer_cave, ebering_ghost_xom, serial_bayou_shore_b
Lair:4:   layout_layer_cave, nicolae_lair_lil_pond, uniq_urug
Lair:5:   layout_regular_city, slime_altar_2, infiniplex_staircase_pool
Lair:6:   wormcave, layout_cave_pods, hangedman_lair_tendril_chambers
Shoals:1: layout_shoals, serial_shops, shop, uniq_louise, uniq_nikola
Shoals:2: layout_shoals
Shoals:3: layout_shoals, nicolae_shoals_shepherds, uniq_ilsuiw, uniq_polyphemus
Spider:1: layout_spider_delve, nicolae_spider_some_kinda_spiderbox
Orc:1:    layout_diamond_mine, basic_altar, uniq_snorg
Orc:2:    st_orc_rangers, layout_caves, basic_altar

Skill      XL: |  1  2  3  4  5  6  7  8  9 10 11 12 13 14 15 16 |
---------------+-------------------------------------------------+-----
Fire Magic     | 3 4 5 6 7 8 9 10 11 12 | 12.9
Conjurations   | 2 3 4 5 7 8 9 10 11 | 11.1
Dodging        | 2 3 5 6 |  6.0
Fighting       | 1 2 3 4 5 6 7 8 9 10 | 10.8
Spellcasting   | 3 4 5 |  5.0
Staves         | 1 |  1.0
Evocations     | 1 2 3 |  3.3
Unarmed Combat | 2 4 6 9 10 11 12 13 14 | 14.4
Shields        | 4 6 7 8 |  8.7
Invocations    | 2 6 9 10 11 | 11.7
Armour         | 1 3 4 6 |  6.0
Stealth        | |  1.7

Action                   |  1- 3 |  4- 6 |  7- 9 | 10-12 | 13-15 | 16-18 || total
-------------------------+-------+-------+-------+-------+-------+-------++-------
Melee: Unarmed           |    24 |     7 |   109 |   276 |   534 |    52 ||  1002
       Short sword       |    27 |    46 |       |       |       |       ||    73
       Punch             |       |     1 |       |       |       |       ||     1
       Staff             |       |    18 |       |       |     4 |       ||    22
Throw: Dart              |       |       |       |     3 |     3 |       ||     6
 Cast: Foxfire           |    30 |    27 |    71 |   182 |   124 |     2 ||   436
       Scorch            |    30 |    52 |   121 |   269 |   368 |   103 ||   943
       Flame Wave        |       |       |       |    20 |    70 |    12 ||   102
       Sticky Flame      |       |       |       |       |   150 |    20 ||   170
Invok: Wall of Briars    |       |       |       |     1 |    10 |     5 ||    16
       Grow Ballistomyce |       |       |       |     1 |    10 |     4 ||    15
       Grow Oklob        |       |       |       |       |     2 |     3 ||     5
       Overgrow          |       |       |       |       |     1 |       ||     1
Evoke: Wand              |       |       |       |       |     4 |       ||     4
       Phantom mirror    |       |       |       |       |       |     1 ||     1
  Use: Scroll            |       |       |    14 |     5 |    18 |     2 ||    39
       Potion            |       |       |     2 |     7 |     8 |    10 ||    27
 Stab: Sleeping          |     1 |       |       |       |       |       ||     1
       Distracted        |       |     1 |       |       |       |       ||     1
       Paralysed         |       |       |       |       |     8 |       ||     8
       Fleeing           |       |       |       |       |     2 |       ||     2
       Confused          |       |       |       |       |     1 |       ||     1
Armor: Robe              |    24 |       |       |       |       |       ||    24
       Ring mail         |    15 |    62 |   100 |   234 |   397 |    57 ||   865
       Troll leather arm |       |       |       |       |    89 |       ||    89
Dodge: Dodged            |    67 |    71 |   112 |   262 |   574 |    61 ||  1147
Block: Buckler           |       |       |    14 |   136 |   203 |       ||   353
       Kite shield       |       |       |       |       |   327 |     4 ||   331
       Tower shield      |       |       |       |       |       |   187 ||   187
